 Dungeon Crawl Stone Soup version 0.20.2-3-g29329e0561 (webtiles) character file.

95 Alfie the Covered (level 4, -7/40 HPs)
             Began as a Minotaur Fighter on Jan 12, 2021.
             Killed by nerve-wracking pain
             ... invoked by Grinder
              (13 damage)
             ... while paralysed by Grinder
             ... on level 3 of the Dungeon.
             The game lasted 00:04:46 (2089 turns).

Alfie the Covered (Minotaur Fighter)                Turns: 2089, Time: 00:04:47

Health: -7/40      AC:  8    Str: 22    XL:     4   Next: 40%
Magic:  3/3        EV:  2    Int:  5    God:
Gold:   150        SH:  0    Dex:  9    Spells: 3/3 levels left

rFire    . . .     SeeInvis .   a - +0 long sword
rCold    . . .     Gourm    .   c - +0 shield
rNeg     . . .     Faith    .   b - +0 scale mail
rPois    .         Spirit   .   (helmet restricted)
rElec    .         Reflect  .   (no cloak)
rCorr    .         Harm     .   m - +0 pair of gloves
MR       .....                  (no boots)
Stlth    ..........             (no amulet)
Regen    0.2/turn               (no ring)
MPRegen  0.1/turn               (no ring)

@: paralysed
A: retaliatory headbutt, horns 2
a: no special abilities


You were on level 3 of the Dungeon.
You were not hungry.

You visited 1 branch of the dungeon, and saw 3 of its levels.

You collected 150 gold pieces.

Inventory:

Hand Weapons
 a - a +0 long sword (weapon)
Armour
 b - a +0 scale mail (worn)
 c - a +0 shield (worn)
 m - a +0 pair of gloves (worn)
Wands
 q - a wand of clouds (7/9)
Scrolls
 e - a scroll of immolation {unknown}
 f - 3 scrolls of noise {unknown}
 h - a scroll of amnesia {unknown}
 i - a scroll of random uselessness {unknown}
 l - a scroll of fear {unknown}
 o - 2 scrolls of teleportation {unknown}
 p - a scroll of identify {unknown}
Potions
 d - a potion of might
 g - 3 potions of brilliance {unknown}
 j - a potion of curing {unknown}
Comestibles
 k - 2 meat rations
 r - a bread ration


   Skills:
 + Level 3.8 Fighting
 + Level 3.6 Long Blades
 + Level 4.6 Armour
 + Level 0.9 Dodging
 + Level 0.1 Stealth
 + Level 4.4 Shields


You had 3 spell levels left.
You didn't know any spells.

Dungeon Overview and Level Annotations

Branches:
Dungeon (3/15)

Altars:
Yredelemnul

Annotations:
D:3 Grinder


Innate Abilities, Weirdness & Mutations

You reflexively headbutt those who attack you in melee.
You have a pair of horns on your head.


Message History

Grinder says, "Just stop there for a second..."
Grinder blinks!
You see here an adder corpse.
You closely miss Grinder. You headbutt Grinder, but do no damage.
Grinder is severely wounded.
Grinder blinks!
You slash Grinder!
Grinder is almost dead.
Grinder says, "Mostly I couldn't keep them alive."
You block Grinder's attack.
You closely miss Grinder.
Grinder is almost dead.
Grinder gestures at you.
You suddenly lose the ability to move!
Grinder gestures at you. You resist with significant effort.
Grinder completely misses you. Grinder gestures at you.
Pain shoots through your body!
You die...

#. .# #........
.. #......(.
.##........
..#........
#.#......(.
#.#....$...
#.#..(.(.(.
#..@.......
##5......(.
#..#..####
##(#.....
#(##.##########
#.............#
#.##.########.#.#
#.##.#### #.#.#
.......... #.#.#


You could see Grinder.

Vanquished Creatures
  Ijyb (D:3)
  An adder (D:3)
  2 worms
  A dart slug (D:2)
  A leopard gecko (D:2)
  3 orcs (D:2)
  5 bats
  3 giant cockroaches
  6 goblins
  5 hobgoblins
  3 jackals (D:1)
  3 quokkas
  A ball python (D:3)
  5 frilled lizards
  5 kobolds
  3 rats
48 creatures vanquished.

Notes
Turn   | Place    | Note
-------+----------+-------------------------------------------
     0 | D:1      | Alfie the Minotaur Fighter began the quest for the Orb.
     0 | D:1      | Reached XP level 1. HP: 19/19 MP: 0/0
   359 | D:1      | Reached XP level 2. HP: 25/27 MP: 1/1
  1001 | D:2      | Reached XP level 3. HP: 31/33 MP: 2/2
  1323 | D:2      | Found a basalt altar of Yredelemnul.
  1924 | D:3      | Noticed Ijyb
  1932 | D:3      | Killed Ijyb
  1932 | D:3      | Reached XP level 4. HP: 31/40 MP: 3/3
  2013 | D:3      | Noticed Grinder
  2029 | D:3      | Paralysed by Grinder for 4 turns
  2038 | D:3      | Paralysed by Grinder for 3 turns
  2064 | D:3      | Paralysed by Grinder for 4 turns
  2087 | D:3      | Paralysed by Grinder for 6 turns
  2089 | D:3      | Killed from afar by Grinder

Skill      XL: |  1  2  3 |
---------------+----------+-----
Armour         | 4 |  4.6
Shields        | 4 |  4.4
Long Blades    | 3 |  3.6
Fighting       | |  3.8
Dodging        | |  0.9
Stealth        | |  0.1

Action                   |  1- 3 |  4- 6 || total
-------------------------+-------+-------++-------
Melee: Long sword        |    95 |    22 ||   117
       Headbutt          |    14 |     4 ||    18
Throw: Tomahawk          |       |     8 ||     8
  Eat: Bread ration      |     1 |       ||     1
Armor: Scale mail        |    47 |     6 ||    53
Dodge: Dodged            |    40 |     6 ||    46
Block: Shield            |    38 |     5 ||    43
       Rpst.: Long sword |    15 |     1 ||    16
